 Dungeon Crawl Stone Soup version 0.30-a0-782-ge64f9170bb (webtiles) character file.

Game seed: 6996448356336634748

577 funkygono the Firebug (level 7, -3/37 HPs)
             Began as a Gargoyle Fire Elementalist on Feb 23, 2023.
             Was an Initiate of Sif Muna.
             Slain by a hound (4 damage)
             ... on level 4 of the Dungeon.
             The game lasted 00:04:18 (3390 turns).

funkygono the Firebug (Gargoyle Fire Elementalist)  Turns: 3390, Time: 00:04:19

Health: -3/37      AC:  4    Str: 12    XL:     7   Next: 35%
Magic:  2/13       EV:  9    Int: 17    God:    Sif Muna [......]
Gold:   210        SH:  0    Dex: 10    Spells: 7/14 levels left

rFire   . . .      SeeInvis .    k - +2 whip (elec)
rCold   . . .      Faith    .    (no shield)
rNeg    + . .      Spirit   .    (no body armour)
rPois   ∞          Reflect  .    (no helmet)
rElec   +          Harm     .    (no cloak)
rCorr   .          Rampage  .    (no gloves)
Will    .....                    (no boots)
Stlth   ++                       (no amulet)
HPRegen 0.26/turn                (no ring)
MPRegen 0.13/turn                (no ring)

@: grasped by roots, constricted
A: sickness immunity, AC +4, negative energy resistance 1, electricity
resistance, torment resistance 1, petrification resistance
a: Renounce Religion


You were on level 4 of the Dungeon.
You worshipped Sif Muna.
Sif Muna was noncommittal.
You visited 1 branch of the dungeon, and saw 4 of its levels.

You collected 210 gold pieces.

Inventory:

Hand Weapons
 k - a +2 whip of electrocution (weapon)
 s - a +0 flail of venom
Missiles
 d - a throwing net
Armour
 a - a +0 robe
 t - a +2 leather armour of positive energy
Scrolls
 b - 5 scrolls of identify {unknown}
 c - 2 scrolls of noise {unknown}
 i - a scroll of enchant armour {unknown}
 j - a scroll of magic mapping {unknown}
 l - a scroll of immolation {unknown}
 m - 2 scrolls of teleportation {unknown}
 n - a scroll of amnesia {unknown}
 o - a scroll of vulnerability {unknown}
 p - a scroll of blinking {unknown}
Potions
 e - a potion of berserk rage {unknown}
 f - a potion of mutation {unknown}
 g - 3 potions of brilliance {unknown}
 h - 2 potions of heal wounds {unknown}
 q - a potion of haste {unknown}
 r - a potion of flight {unknown}


   Skills:
 + Level 0.7 Fighting
 + Level 1.4 Maces & Flails
 + Level 2.1 Dodging
 - Level 2.1 Stealth
 + Level 4.4 Spellcasting
 + Level 3.9 Conjurations
 + Level 5.2 Fire Magic


You had 7 spell levels left.
You knew the following spells:

 Your Spells              Type           Power      Damage    Failure   Level
a - Foxfire               Conj/Fire      76%        2x1d7     2%          1
b - Scorch                Fire           42%        2d7       2%          2
c - Flame Wave            Conj/Fire      19%        2d7       22%         4

Your spell library contained the following spells:

 Spells                   Type           Power      Damage    Failure   Level
 Inner Flame              Hex/Fire       12%        N/A       16%         3
 Ignite Poison            Fire/Tmut/Pois 9%         N/A       22%         3
 Kindle Blastsparks       Fire/Tloc/Air  18%        2d11      22%         3
 Dispel Undead            Necr           3%         3d7       83%         4
 Freezing Cloud           Conj/Ice/Air   4%         6-21      94%         5
 Death Channel            Necr           1%         N/A       100%        6
 Cigotuvi's Dreadful Rot  Necr/Pois/Air  Unusable   N/A       N/A         2

Dungeon Overview and Level Annotations

Branches:
Dungeon (4/15)
 Temple: D:4-7

Altars:
Sif Muna
Zin

Annotations:
D:4 Ijyb


Innate Abilities, Weirdness & Mutations

You are immune to sickness and miasma.
Your stone body is resilient. (AC +4)
You are immune to poison.
You resist negative energy. (rN+)
You are resistant to electric shocks. (rElec)
You are resistant to unholy torment.
You are immune to petrification.


Message History

Confirm with . or Enter, or press ? or * to list all spells.
You don't have enough magic to cast this spell.
You closely miss Ijyb.
Ijyb is lightly wounded.
Ijyb hits you but does no damage.
You hit Ijyb.
Ijyb is lightly wounded.
Ijyb zaps a wand.
The roots erupt in riotous growth!
The grasping roots grab you!
Ijyb is unaffected.
The grasping roots constrict you.
You hear a bark! x2
Unknown command.
You escape the roots grasp.
Ijyb attacks as you move away! Ijyb hits you with a +0 dagger.
The hound bites you but does no damage. Ijyb attacks as you move away!
Ijyb closely misses you. Ijyb attacks as you move away!
Ijyb hits you but does no damage. The hound bites you.
The hound attacks as you move away! The hound bites you.
The hound attacks as you move away! The hound closely misses you.
Ijyb screams, "I cut your head off!" The hound closely misses you.
The hound attacks as you move away! The hound closely misses you.
Ijyb zaps a wand.
The roots erupt in riotous growth!
The hound is unaffected.
The grasping roots grab you! The grasping roots constrict you.
* * * LOW HITPOINT WARNING * * *
The hound closely misses you.
You escape the roots grasp.
The hound attacks as you move away! The hound bites you.
* * * LOW HITPOINT WARNING * * *
The hound attacks as you move away! The hound barely misses you.
The hound bites you.
* * * LOW HITPOINT WARNING * * *
Ijyb zaps a wand.
The roots erupt in riotous growth!
The hound is unaffected.
The grasping roots grab you! The grasping roots constrict you.
* * * LOW HITPOINT WARNING * * *
The hound bites you.
You die...

##.# ##........### #....
#..##....##.#
......##.###....#..###
..†....<.##..#.##....#
....>.#..##....##..###### .###.
#.............#...#
####.....###....).......#
......##..#...)........## .....#
#@.......#.......#
..........##h.......##.......
....#...............###.#....
...................#..#.#..##
#..........g......#.......#
##..........##........##..## .##
##...........##....#.###....#
....#.........#.#####...|.###....
#).#............# #....#........


You could see Ijyb and a hound.

Vanquished Creatures
  Sigmund (D:2)
  Edmund (D:4)
  A necrophage (D:4)
  A scorpion (D:3)
  5 gnolls
  5 adders
  2 worms (D:3)
  2 dart slugs
  11 bats
  4 endoplasms
  6 giant cockroaches
  7 goblins
  3 hobgoblins
  5 jackals
  12 kobolds
  A quokka (D:2)
  6 ball pythons
  3 frilled lizards (D:1)
  7 rats
83 creatures vanquished.

Vanquished Creatures (others)
  255 foxfires
255 creatures vanquished.

Grand Total: 338 creatures vanquished

Notes
Turn   | Place    | Note
-------+----------+-------------------------------------------
     0 | D:1      | funkygono the Gargoyle Fire Elementalist began the quest
                  | for the Orb.
     0 | D:1      | Reached XP level 1. HP: 10/10 MP: 3/3
   292 | D:1      | Reached XP level 2. HP: 15/15 MP: 3/5
   295 | D:1      | Learned a level 2 spell: Scorch
   729 | D:1      | Reached XP level 3. HP: 16/19 MP: 1/6
   962 | D:1      | Found a faded altar of an unknown god.
  1297 | D:2      | Reached skill level 4 in Fire Magic
  1420 | D:2      | Noticed Sigmund
  1429 | D:2      | Killed Sigmund
  1430 | D:2      | Reached XP level 4. HP: 22/24 MP: 3/9
  1430 | D:2      | Reached XP level 5. HP: 25/28 MP: 3/10
  1435 | D:2      | Learned a level 4 spell: Flame Wave
  1771 | D:2      | Reached XP level 6. HP: 32/32 MP: 8/11
  2921 | D:3      | Found a shimmering blue altar of Sif Muna.
  2921 | D:3      | Found a glowing silver altar of Zin.
  2925 | D:3      | Became a worshipper of Sif Muna the Loreminder
  3155 | D:4      | Noticed Edmund
  3174 | D:4      | Killed Edmund
  3175 | D:4      | Reached skill level 1 in Maces & Flails
  3175 | D:4      | Reached skill level 5 in Fire Magic
  3175 | D:4      | Reached XP level 7. HP: 7/37 MP: 0/13
  3363 | D:4      | Noticed Ijyb
  3390 | D:4      | HP: 1/37 [constriction (2)]
  3390 | D:4      | Slain by a hound

Illustrated notes

Levels and vault maps discovered:
D:1:      saegor_arrival_fortress, layout_basic,
          chequers_ecumenical_altar_island, hangedman_decor_points, minivault_26
D:2:      layout_rooms, serial_bayou_lagoon_a, minmay_tiny_reverse_x,
          uniq_sigmund
D:3:      layout_loops_cross, gammafunk_temple_overflow_wave
D:4:      layout_cave_pools, mainiacjoe_overflow_alcove_1, serial_shops,
          nicolae_shop_bloodbath_and_beyond, kennysheep_small_spiral,
          uniq_crazy_yiuf_cottage, uniq_edmund, uniq_ijyb

Skill      XL: |  1  2  3  4  5  6 |
---------------+-------------------+-----
Fire Magic     | 4 5 |  5.2
Spellcasting   | 3 4 |  4.4
Conjurations   | 2 3 |  3.9
Dodging        | 2 |  2.1
Maces & Flails | 1 |  1.4
Fighting       | |  0.7
Stealth        | |  2.1

Action                     |  1- 3 |  4- 6 |  7- 9 || total
---------------------------+-------+-------+-------++-------
  Melee: Club              |     7 |       |       ||     7
         Whip              |       |    21 |     2 ||    23
   Cast: Foxfire           |    55 |    77 |    11 ||   143
         Scorch            |     3 |     6 |     3 ||    12
    Use: Potion            |     1 |       |       ||     1
 Armour: Robe              |     1 |     7 |       ||     8
         Skin              |       |       |     4 ||     4
  Dodge: Dodged            |    13 |    14 |    11 ||    38

Table legend: (Time is in decaauts)
 A = Elapsed time spent in this place.
 B = Non-inter-level travel time spent in this place.
 C = Inter-level travel time spent in this place.
 D = Time resting spent in this place.
 E = Time spent auto-exploring this place.
 F = Levels seen in this place.
 G = Mean time per level.
                   A        B        C        D        E       F      G
               +--------+--------+--------+--------+--------+-----+--------+
         Total |   3404 |   3302 |    102 |    154 |   2638 |   4 |  851.0 |
       Dungeon |   3404 |   3302 |    102 |    154 |   2638 |   4 |  851.0 |
               +--------+--------+--------+--------+--------+-----+--------+

Top non-repeatable levels by time:
     D:1: 1297 daAuts
     D:3: 923 daAuts
     D:2: 918 daAuts
     D:4: 265 daAuts
